 Dungeon Crawl Stone Soup version 0.27.1-1-g398f81649c (webtiles) character file.

Game seed: 9472645920625483714

427 VictoriousLee the Carver (level 6, -14/47 HPs)
             Began as a Barachi Fighter on Sept 9, 2021.
             Demolished by an ogre (21 damage)
             ... on level 4 of the Dungeon.
             The game lasted 00:19:26 (3936 turns).

VictoriousLee the Carver (Barachi Fighter)          Turns: 3936, Time: 00:19:26

Health: -14/47     AC:  6    Str: 20    XL:     6   Next: 97%
Magic:  6/6        EV:  7    Int:  8    God:
Gold:   160        SH:  9    Dex: 11    Spells: 5/5 levels left

rFire    . . .     SeeInvis .   a - +0 long sword
rCold    . . .     Faith    .   c - +0 kite shield
rNeg     + . .     Spirit   .   b - +0 scale mail
rPois    .         Reflect  .   (no helmet)
rElec    .         Harm     .   (no cloak)
rCorr    .         Rampage  .   (no gloves)
Will     .....                  (no boots)
Stlth    ..........             (no amulet)
HPRegen  0.15/turn              h - ring of positive energy
MPRegen  0.10/turn              (no ring)

@: slow
A: amphibious, slowness 1, strong legs 1, +LOS
a: Hop


You were on level 4 of the Dungeon.
You visited 1 branch of the dungeon, and saw 4 of its levels.

You collected 160 gold pieces.

Inventory:

Hand Weapons
 a - a +0 long sword (weapon)
 q - a +0 long sword
Armour
 b - a +0 scale mail (worn)
 c - a +0 kite shield (worn)
 j - a +0 scale mail
Magical Staves
 o - a staff of conjuration
Jewellery
 h - a ring of positive energy (left hand)
Wands
 n - a wand of acid (4)
Scrolls
 d - 3 scrolls of identify {unknown}
 e - 3 scrolls of noise {unknown}
 f - a scroll of blinking {unknown}
 i - 6 scrolls of teleportation {unknown}
 k - a scroll of fog {unknown}
 p - a scroll of fear {unknown}
 r - a scroll of enchant armour {unknown}
Potions
 g - 2 potions of brilliance {unknown}
 l - 2 potions of curing {unknown}
 m - a potion of might


   Skills:
 - Level 3.6 Fighting
 + Level 8.7 Long Blades
 - Level 3.6 Armour
 - Level 3.2 Shields


You had 5 spell levels left.
You didn't know any spells.
Your spell library contained the following spells:

 Spells                   Type           Power      Damage    Failure   Level
 Foxfire                  Conj/Fire      0%         2x1d4     99%         1
 Conjure Flame            Conj/Fire      0%         6-21      100%        3
 Inner Flame              Hex/Fire       0%         N/A       100%        3


Dungeon Overview and Level Annotations

Branches:
Dungeon (4/15)
 Temple: D:4-7

Altars:
Kikubaaqudgha
Nemelex Xobeh


Innate Abilities, Weirdness & Mutations

You are amphibious.
You cover ground slowly.
You can hop short distances.
You have an extended range of vision and can be seen from far away.


Message History

Press: ? - help, Dir - move target Boing!
Aiming: Corrosive Bolt
Press: ? - help, Shift-Dir - straight line, f - orc
Aim: an orc, wielding a +0 hand axe (sparse dust, 71% to hit)
The bolt of acid hits the orc!
The orc is splashed with acid.
The acid corrodes the orc!
You kill the orc!
You start resting.
You are ready to hop once more.
You start resting.
HP restored.
You see here a +0 hand axe.
Things that are here:
a +0 short sword; a +0 whip; an orc skeleton A goblin comes into view.
It is wielding a +0 dagger.
The goblin shouts!
You slash the goblin!
You kill the goblin!
You see here a +0 dagger.
Found a glowing dagger.
An ogre comes into view. It is wielding a +0 giant spiked club.
The ogre shouts!
Aiming: Corrosive Bolt
Press: ? - help, Shift-Dir - straight line, f - ogre
Aim: an ogre, wielding a +0 giant spiked club (86% to hit)
The bolt of acid hits the ogre!
The ogre is splashed with acid!
The acid corrodes the ogre!
The ogre is severely wounded.
The ogre hits you with a +0 giant spiked club!!
You completely miss the ogre.
The ogre is severely wounded.
You hit the ogre.
The ogre is almost dead.
The ogre hits you with a +0 giant spiked club!!
* * * LOW HITPOINT WARNING * * *
You hit the ogre.
The ogre is almost dead.
The ogre hits you with a +0 giant spiked club!!
You die...

###.#
.##.# #.
## #.).# .
#.# #.
###.# #.#
#. #.# ..#
#. #.##
..+ #.
#..# .##
#. ##..###
#.....#
#####@#
#.O...#
####.)...#
#####


You could see an ogre (corroded).

Vanquished Creatures
  Sigmund (D:2)
  2 orc priests (D:4)
  A bullfrog skeleton (D:4)
  5 adders
  3 gnolls
  3 worms
  A dart slug (D:1)
  4 orcs
  10 bats
  5 endoplasms
  4 giant cockroaches
  9 goblins
  4 hobgoblins
  7 jackals (D:1)
  5 kobolds
  5 quokkas
  10 ball pythons
  5 frilled lizards
  3 rats
87 creatures vanquished.

Notes
Turn   | Place    | Note
-------+----------+-------------------------------------------
     0 | D:1      | VictoriousLee the Barachi Fighter began the quest for the
                  | Orb.
     0 | D:1      | Reached XP level 1. HP: 18/18 MP: 1/1
   138 | D:1      | Reached skill level 3 in Long Blades
   144 | D:1      | Reached XP level 2. HP: 21/24 MP: 2/2
   604 | D:1      | Reached skill level 4 in Long Blades
   725 | D:1      | Reached XP level 3. HP: 26/29 MP: 3/3
   971 | D:1      | Found a faded altar of an unknown god.
  1058 | D:2      | Noticed Sigmund
  1065 | D:2      | Killed Sigmund
  1066 | D:2      | Reached skill level 7 in Long Blades
  1066 | D:2      | Reached XP level 4. HP: 18/36 MP: 4/4
  1066 | D:2      | Reached XP level 5. HP: 21/41 MP: 5/5
  1424 | D:2      | Reached XP level 6. HP: 47/47 MP: 6/6
  2480 | D:3      | Found an ancient bone altar of Kikubaaqudgha.
  2480 | D:3      | Found a sparkling altar of Nemelex Xobeh.
  3075 | D:3      | Reached skill level 8 in Long Blades
  3936 | D:4      | Demolished by an ogre

Illustrated notes

Levels and vault maps discovered:
D:1:      grunt_arrival_lava_bath, layout_basic, basic_ecumenical_altar
D:2:      layout_basic, serial_forest, infiniplex_forest_clump_double,
          infiniplex_forest_straight_1, infiniplex_forest_clump_large,
          infiniplex_forest_clump_C, infiniplex_forest_lined_1,
          infiniplex_forest_lined_ring, uniq_sigmund
D:3:      layout_loops_ring, gammafunk_temple_overflow_elements
D:4:      minmay_recursive_quarters, layout_basic, serial_corexii_hall,
          chequers_hall_statues_wall_a, chequers_hall_statues_y,
          chequers_hall_statues_y, serial_shops, shop

Skill      XL: |  1  2  3  4  5  6 |
---------------+-------------------+-----
Long Blades    | 3 4 7 8 |  8.7
Fighting       | |  3.6
Armour         | |  3.6
Shields        | |  3.2

Action                   |  1- 3 |  4- 6 || total
-------------------------+-------+-------++-------
Melee: Long sword        |    83 |   198 ||   281
 Abil: Hop               |       |     2 ||     2
Evoke: Wand              |       |     8 ||     8
  Use: Potion            |     1 |       ||     1
Armor: Scale mail        |    34 |    63 ||    97
Dodge: Dodged            |    27 |    53 ||    80
Block: Kite shield       |    38 |    82 ||   120
       Rpst.: Long sword |    15 |    17 ||    32
